 Dungeon Sprint DCSS version 0.31-a0-691-g409c26aa35 (webtiles) character file.

Game seed: 1353246117213938347

19813 fingers the Grappler (level 12, -35/103 HPs)
             Began as a Gnoll Shapeshifter on Sept 6, 2023.
             Was the Champion of Wu Jian.
             Killed from afar by an ancient lich (57 damage)
             ... with a crystal spear
             ... in the Dungeon (Sprint V: "Ziggurat Sprint").
             The game lasted 00:07:40 (1038 turns).

fingers the Grappler (Gnoll Shapeshifter)           Turns: 1038, Time: 00:07:41

Health: -35/103    AC: 26    Str: 31    XL:     12   Next: 72%
Magic:  28/28      EV:  7    Int:  9    God:    Wu Jian [******]
Gold:   0          SH: 35    Dex: 12    Spells: 31/35 levels left

rFire   . . .        H - +16 obsidian axe {drain, demonic, Mesm Drain Fly SInv}
rCold   . . .        D - +18 shield of the Gong {Loud rN+ Will+ rCorr EV-5}
rNeg    + . .        C - +15 Maxwell's patent armour {-Cast -Tele rElec Will+ rCorr}
rPois   .            (helmet currently unavailable)
rElec   +            (cloak currently unavailable)
rCorr   +            (gloves currently unavailable)
SInv    +            (boots currently unavailable)
Will    ++...        N - amulet of reflection
Stlth   +            A - +6 ring of strength
HPRegen 0.37/turn    B - +6 ring of strength
MPRegen 0.21/turn

%: no teleportation, no spellcasting, reflection
@: beast-form, corroded, flying, mesmerised
A: beast (slay +4), fangs 1, strong nose, distributed training
a: Begin Untransformation, Renounce Religion, Wall Jump, Serpent's Lash,
Heavenly Storm


You were in the Dungeon.
You worshipped Wu Jian.
Wu Jian was exalted by your worship.
You were a hulking beast.
You visited 1 branch

Inventory:

Hand Weapons
 E - the +8 lance "Wyrmbane" {slay drac, rPois rF+ rC+ AC+3}
   (You found it in the Dungeon)

   AC+3:      It affects your AC (+3).
   rF+:       It protects you from fire.
   rC+:       It protects you from cold.
   rPois:     It protects you from poison
 F - the +6 shillelagh "Devastator" {shatter}
   (You found it in the Dungeon)
 G - the +9 sword of Zonguldrok {reap}
   (You found it in the Dungeon)
 H - the +16 obsidian axe (weapon) {drain, demonic, Mesm Drain Fly SInv}
   (You found it in the Dungeon)

   Mesm:      Its wielder is mesmerised by any visible foes, and it cannot be
   unequipped while any foes are visible.
   SInv:      It lets you see invisible.
   Fly:       It grants you flight.
   Drain:     It drains your maximum health when unequipped.
Armour
 C - the +15 Maxwell's patent armour (worn) {-Cast -Tele rElec Will+ rCorr}
   (You found it in the Dungeon)

   rElec:     It insulates you from electricity.
   Will+:     It increases your willpower.
   -Cast:     It prevents spellcasting.
   -Tele:     It prevents most forms of teleportation.
   rCorr:     It protects you from acid and corrosion.
 D - the +18 shield of the Gong (worn) {Loud rN+ Will+ rCorr EV-5}
   (You found it in the Dungeon)

   Loud:      It is deafeningly noisy when blocking attacks.
   EV-5:      It affects your evasion (-5).
   rN+:       It protects you from negative energy.
   Will+:     It increases your willpower.
   rCorr:     It protects you from acid and corrosion.
 K - a +2 helmet of intelligence
Jewellery
 f - an amulet of the acrobat
 k - a ring of positive energy
 v - a ring of flight
 w - a +6 ring of dexterity
 x - a +6 ring of dexterity
 y - a +6 ring of intelligence
 z - a +6 ring of intelligence
 A - a +6 ring of strength (left hand)
 B - a +6 ring of strength (right hand)
 I - the amulet "Put-Me-On" {Spirit rPois rC++ rN++}
   (You found it in the Dungeon)

   [amulet of guardian spirit]

   Spirit:    It causes incoming damage to be divided between your reserves of
   health and magic.
   rC++:      It greatly protects you from cold.
   rPois:     It protects you from poison rN++: It greatly protects you from
   negative energy.
 J - the ring "Ereaph" {rC++ rCorr}
   (You found it in the Dungeon)

   [ring of resist corrosion]

   rC++:      It greatly protects you from cold.
   rCorr:     It protects you from acid and corrosion.
 L - the ring of Moejekk {rElec rPois rCorr Str-5 SInv}
   (You found it in the Dungeon)

   [ring of poison resistance]

   Str-5:     It affects your strength (-5).
   rElec:     It insulates you from electricity.
   rPois:     It protects you from poison SInv: It lets you see invisible.
   rCorr:     It protects you from acid and corrosion.
 M - a ring of positive energy
 N - an amulet of reflection (around neck)
 O - the ring "Iphobid" {Will+ rCorr Str-5 Dex+7 Slay-3}
   (You found it in the Dungeon)

   [ring of willpower]

   Str-5:     It affects your strength (-5).
   Dex+7:     It affects your dexterity (+7).
   Slay-3:    It affects your accuracy & damage with ranged weapons and melee
   (-3).
   Will+:     It increases your willpower.
   rCorr:     It protects you from acid and corrosion.
 R - an amulet of magic regeneration
 T - a ring of willpower
 U - an amulet of faith
 V - the amulet of the Echidna {RegenMP rC+}
   (You found it in the Dungeon)

   [amulet of magic regeneration]

   RegenMP:   It increases your rate of magic regeneration.
   rC+:       It protects you from cold.
 Y - a ring of magical power
 Z - a +6 ring of dexterity
Talismans
 c - a beast talisman (active)
 d - a flux talisman
Wands
 a - a wand of roots (2)
 t - a wand of mindburst (7)
 u - a wand of light (5)
 P - a wand of flame (27)
 X - a wand of paralysis (8)
Scrolls
 j - 4 scrolls of blinking
 p - 4 scrolls of amnesia
 q - 7 scrolls of fog
 r - 5 scrolls of identify
 s - 2 scrolls of fear
 S - a scroll of acquirement
 W - 2 scrolls of brand weapon
Potions
 b - a potion of lignification
 e - 2 potions of curing
 g - 6 potions of haste
 h - 7 potions of magic
 i - 3 potions of berserk rage
 l - 2 potions of invisibility
 m - 2 potions of resistance
 o - 4 potions of might
 Q - 4 potions of heal wounds
Miscellaneous
 n - a lightning rod (4/4)


   Skills:
 + Level 12.6 Fighting
 + Level 12.3 Short Blades
 + Level 12.3 Long Blades
 + Level 12.3 Axes
 + Level 12.3 Maces & Flails
 + Level 12.3 Polearms
 + Level 12.3 Staves
 + Level 12.3 Ranged Weapons
 + Level 12.3 Throwing
 + Level 12.3 Armour
 + Level 13.1 Dodging
 + Level 12.3 Stealth
 + Level 12.3 Shields
 + Level 13.8 Unarmed Combat
 + Level 12.3 Spellcasting
 + Level 10.4 Conjurations
 + Level 10.4 Hexes
 + Level 10.4 Summonings
 + Level 10.4 Necromancy
 + Level 10.4 Translocations
 + Level 10.4 Transmutations
 + Level 10.4 Fire Magic
 + Level 10.4 Ice Magic
 + Level 10.4 Air Magic
 + Level 10.4 Earth Magic
 + Level 10.4 Poison Magic
 + Level 13.3 Invocations
 + Level 12.3 Evocations
 + Level 13.0 Shapeshifting


You had 31 spell levels left.
You knew the following spells:

 Your Spells              Type           Power      Damage    Failure   Level
a - Manifold Assault      Tloc           24%        N/A       14%         4

Your spell library contained the following spells:

 Spells                   Type           Power      Damage    Failure   Level
 Kiss of Death            Conj/Necr      96%        2d12      1%          1
 Sandblast                Erth           48%        2d12      1%          1
 Slow                     Hex            96%        N/A       1%          1
 Blink                    Tloc           48%        N/A       1%          2
 Passwall                 Tmut/Erth      20%        N/A       1%          2
 Sublimation of Blood     Necr           24%        N/A       1%          2
 Hailstorm                Conj/Ice       24%        3d7       4%          3
 Inner Flame              Hex/Fire       24%        N/A       4%          3
 Ozocubu's Armour         Ice            24%        N/A       4%          3
 Portal Projectile        Hex/Tloc       48%        N/A       4%          3
 Stone Arrow              Conj/Erth      48%        3d10      4%          3
 Summon Guardian Golem    Hex/Summ       24%        N/A       4%          3
 Teleport Other           Tloc           24%        N/A       4%          3
 Volatile Blastmotes      Fire/Tloc      48%        2d14      4%          3
 Anguish                  Hex/Necr       12%        N/A       14%         4
 Animate Armour           Summ/Erth      48%        N/A       14%         4
 Flame Wave               Conj/Fire      24%        2d8       14%         4
 Leda's Liquefaction      Hex/Erth       12%        N/A       14%         4
 Passage of Golubria      Tloc           24%        N/A       14%         4
 Sticky Flame             Conj/Fire      24%        2d5       14%         4
 Summon Ice Beast         Ice/Summ       24%        N/A       14%         4
 Alistair's Intoxication  Tmut/Pois      16%        N/A       36%         5
 Fireball                 Conj/Fire      12%        3d7       36%         5
 Lee's Rapid Deconstruct  Erth           12%        3d8*      36%         5
 Metabolic Englaciation   Hex/Ice        12%        N/A       36%         5
 Summon Forest            Summ/Tloc      12%        N/A       36%         5
 Summon Mana Viper        Hex/Summ       24%        N/A       36%         5
 Death Channel            Necr           12%        N/A       91%         6
 Leda's Unmaking          Conj/Erth      12%        9d3       91%         6
 Simulacrum               Ice/Necr       12%        N/A       91%         6
 Starburst                Conj/Fire      12%        6d5       91%         6
 Orb of Destruction       Conj           12%        9d7       100%        7
 Spellforged Servitor     Conj/Summ      12%        N/A       100%        7
 Discord                  Hex            12%        N/A       100%        8
 Shatter                  Erth           12%        3d13*     100%        9


Dungeon Overview and Level Annotations

Branches:
Dungeon (1/1)

Altars:
Ashenzari
Cheibriados
Dithmenos
Elyvilon
Fedhas
Gozag
Hepliaklqana
Kikubaaqudgha
Makhleb
Nemelex Xobeh
Okawaru
Qazlal
Ru
Sif Muna
Trog
Uskayaw
Vehumet
Wu Jian
Xom
Yredelemnul
Zin
The Shining One
Jiyva
Lugonu


Innate Abilities, Weirdness & Mutations

You are a hulking beast.
Your limbs bulge with bestial killing power. (Slay +4)
You have very sharp teeth.
Your uncanny sense of smell can sniff out nearby items.
Your experience applies equally to all skills.


Message History

* * * LOW HITPOINT WARNING * * *
The ancient lich casts a spell.
The ancient lich flickers and vanishes for a moment.
You slash the vampire mage!
The vampire mage is heavily damaged.
You hit the vampire mage. You closely miss the necromancer.
You slice the wind drake!!
You kill the wind drake!
The Council accepts your kill.
You slice the shadow!!
Visions of slaying the shadow flood into your mind.
You block the shadow's attack.
PTOANNNG!
You block the vampire mage's attack.
GONNNNG!
The vampire mage bites you.
* * * LOW HITPOINT WARNING * * *
The vampire mage draws strength from your injuries!
You block the necromancer's attack.
GONNNNG!
Your life force feels restored.
You feel better.
Visions of slaying the ancient lich flood into your mind.
You block the shadow's attack.
SHROANNG!
You block the vampire mage's attack.
GONNNNG!
The vampire mage bites you but does no damage.
The necromancer hits you but does no damage.
You feel better.
Visions of slaying the vampire mage flood into your mind.
You block the shadow's attack.
GONNNNG!
You block the vampire mage's attack.
SHROANNG!
The vampire mage bites you but does no damage.
The ancient lich casts a spell at you. The crystal spear hits you!!!
Ouch! That really hurt!
You die...

∆ ▓▓▓▓▓▓▓▓
▓.../:/.)...▓...8©8.
▓...........▓..[....
▓...........▓...††..
∆∆∆
▓...........▓...†...
∆∆
▓.Z.V.......▓.......
▓.V..V......▓.......
▓.W▓pVZ†.▓..▓.......
▓.VhL.V.....▓.......
▓...z.©.....▓....©..
▓▓▓▓▓▓▓▓▓▓▓▓▓▓▓▓▓▓▓▓
▓...8©8...▓.☼☼8§8○..
▓...).=[).▓.○☼§§§§..
▓....!....▓.○§§☼§§..
▓.........▓.§☼☼§☼§..
▓.........▓.§§§○§...
▓..÷.)÷)..▓.§☼§§☼☼..


You could see an ancient lich (invisible), a skeletal warrior, 5 vampire magi, a
necromancer, a vampire, a shadow (invisible), an adder zombie (summoned) and a
ball python skeleton (summoned).

Vanquished Creatures
  A ghost moth (D)
  A yellow draconian (D)
  A hydra (D)
  Erica (D)
  A dancing weapon (D)
  A spriggan berserker (D)
  An ugly thing (D)
  2 deep elf zephyrmancers (D)
  2 black mambas (D)
  4 toenail golems (D)
  A rime drake (D)
  2 komodo dragons (D)
  2 wind drakes (D)
  A blink frog (D)
  A slime creature (D)
  An air elemental (D)
  A fire elemental (D)
  Sigmund (D)
  A wyvern (D)
  2 yaks (D)
  A golden eye (D)
  2 basilisks (D)
  A steam dragon (D)
  An acid dragon (shapeshifter) (D)
  Edmund (D)
  Duvessa (D)
  A wolf (D)
  An ice beast (shapeshifter) (D)
  2 bullfrogs (D)
  Blork the orc (D)
  An earth elemental (D)
  A necrophage (D)
  Dowan (D)
  Crazy Yiuf (D)
  An orc priest (D)
  A jelly (D)
  2 iguanas (D)
  An orc wizard (D)
  2 river rats (D)
  2 orcs (D)
  An endoplasm (D)
54 creatures vanquished.

Vanquished Creatures (collateral kills)
  A black draconian (D)
  A red draconian (D)
  2 yellow draconians (D)
  A spriggan air mage (D)
  A spriggan druid (D)
  A draconian (D)
  An eye of devastation (D)
  A cane toad (D)
  A rime drake (D)
  A polar bear (D)
  A wind drake (D)
  A dream sheep (D)
  A hornet (D)
  A slime creature (D)
  A basilisk (D)
  2 water moccasins (D)
  3 bullfrogs (D)
  A jelly (D)
  Jessica (D)
  2 river rats (D)
  A jackal (D)
26 creatures vanquished.

Vanquished Creatures (others)
  A hydra (D)
  Erolcha (D)
  A spriggan berserker (D)
3 creatures vanquished.

Grand Total: 83 creatures vanquished

Notes
Turn   | Place    | Note
-------+----------+-------------------------------------------
     0 | D        | fingers the Gnoll Shapeshifter began the quest for the Orb.
     0 | D        | Reached XP level 1. HP: 17/17 MP: 1/1
     0 | D        | Found a shimmering blue altar of Sif Muna.
     0 | D        | Found a bloodstained altar of Trog.
     0 | D        | Found a sacrificial altar of Ru.
     0 | D        | Found a stormy altar of Qazlal.
     0 | D        | Found an iron altar of Okawaru.
     1 | D        | Found a sparkling altar of Nemelex Xobeh.
     1 | D        | Found a blossoming altar of Fedhas.
     1 | D        | Found the +6 Majin-Bo {spellvamp, MP+6 Int+6}
     1 | D        | Found the +27 heavy crossbow "Sniper" {heavy, Acc+∞ SInv}
     1 | D        | Found the +10 dark maul {heavy}
     1 | D        | Found the +15 Maxwell's patent armour {-Cast -Tele rElec
                  | Will+ rCorr}
     1 | D        | Found the +18 shield of the Gong {Loud rN+ Will+ rCorr
                  | EV-5}
     1 | D        | Found the +16 obsidian axe {drain, demonic, Mesm Drain Fly
                  | SInv}
     1 | D        | Found the +7 great mace "Firestarter" {flame, immolate,
                  | rFlCloud rF++}
     1 | D        | Found the +6 shillelagh "Devastator" {shatter}
     1 | D        | Found the +11 plutonium sword {Contam Stlth-}
     1 | D        | Found the +8 lance "Wyrmbane" {slay drac, rPois rF+ rC+
                  | AC+3}
     1 | D        | Found the +9 sword of Zonguldrok {reap}
     1 | D        | Found the +13 scythe of Curses {drain, curses, Drain}
     1 | D        | Found the +9 sword of Power {lifebolt}
     1 | D        | Found the +7 mace of Variability {chaos, chaos arc}
     1 | D        | Found the +11 Singing Sword {sonic wave}
     1 | D        | Found the +8 storm bow {elec, penet}
     3 | D        | Found a transporter.
     3 | D        | Found an ancient bone altar of Kikubaaqudgha.
     3 | D        | Found a viscous altar of Jiyva.
     3 | D        | Found a corrupted altar of Lugonu.
     3 | D        | Found a hazy altar of Hepliaklqana.
     3 | D        | Found a burning altar of Makhleb.
     3 | D        | Found an opulent altar of Gozag.
    60 | D        | Became a worshipper of the Wu Jian Council
    82 | D        | Entered arena 2.
    82 | D        | Noticed a rime drake
    82 | D        | Noticed a steam dragon
    82 | D        | Found a transporter.
    86 | D        | Killed a rime drake
    87 | D        | Reached skill level 5 in Fighting
    87 | D        | Reached XP level 2. HP: 25/27 MP: 1/7
    87 | D        | Reached XP level 3. HP: 31/33 MP: 1/8
    87 | D        | Reached XP level 4. HP: 37/39 MP: 1/10
    87 | D        | Reached XP level 5. HP: 41/44 MP: 1/11
    87 | D        | Reached XP level 6. HP: 48/51 MP: 1/12
    88 | D        | Killed a steam dragon
    89 | D        | Reached skill level 5 in Short Blades
    89 | D        | Reached skill level 5 in Long Blades
    89 | D        | Reached skill level 5 in Axes
    89 | D        | Reached skill level 5 in Maces & Flails
    89 | D        | Reached skill level 5 in Polearms
    89 | D        | Reached skill level 5 in Staves
    89 | D        | Reached skill level 5 in Ranged Weapons
    89 | D        | Reached skill level 5 in Throwing
    89 | D        | Reached skill level 5 in Armour
    89 | D        | Reached skill level 5 in Stealth
    89 | D        | Reached skill level 5 in Shields
    89 | D        | Reached skill level 5 in Spellcasting
    89 | D        | Reached skill level 5 in Invocations
    89 | D        | Reached skill level 5 in Evocations
   184 | D        | Entered arena 3.
   184 | D        | Noticed an ice beast
   184 | D        | Noticed a cyan ugly thing
   184 | D        | Noticed a hornet
   184 | D        | Found a transporter.
   185 | D        | a hornet changed into a sky beast
   185 | D        | Noticed a sky beast (shapeshifter)
   186 | D        | Killed an ice beast
   186 | D        | Reached * piety under Wu Jian
   187 | D        | Reached XP level 7. HP: 57/57 MP: 14/14
   198 | D        | Killed a cyan ugly thing
   199 | D        | Reached skill level 5 in Conjurations
   199 | D        | Reached skill level 5 in Hexes
   199 | D        | Reached skill level 5 in Summonings
   199 | D        | Reached skill level 5 in Necromancy
   199 | D        | Reached skill level 5 in Translocations
   199 | D        | Reached skill level 5 in Transmutations
   199 | D        | Reached skill level 5 in Fire Magic
   199 | D        | Reached skill level 5 in Ice Magic
   199 | D        | Reached skill level 5 in Air Magic
   199 | D        | Reached skill level 5 in Earth Magic
   199 | D        | Reached skill level 5 in Poison Magic
   199 | D        | Reached XP level 8. HP: 65/65 MP: 14/17
   207 | D        | Got the amulet "Put-Me-On" {Spirit rPois rC++ rN++}
   209 | D        | Got the Guide on Hapless Transportation
   211 | D        | Got the ring "Ereaph" {rC++ rCorr}
   214 | D        | Reached XP level 9. HP: 72/72 MP: 16/19
   217 | D        | Entered arena 4.
   217 | D        | Noticed a toenail golem
   217 | D        | Noticed a toenail golem
   217 | D        | Noticed a toenail golem
   217 | D        | Noticed a toenail golem
   217 | D        | Found a transporter.
   229 | D        | Killed a toenail golem
   229 | D        | Reached ** piety under Wu Jian
   235 | D        | Killed a toenail golem
   236 | D        | Reached skill level 10 in Unarmed Combat
   242 | D        | Killed a toenail golem
   247 | D        | Killed a toenail golem
   248 | D        | Reached skill level 10 in Shapeshifting
   260 | D        | Entered arena 5.
   260 | D        | Found a transporter.
   262 | D        | Reached *** piety under Wu Jian
   268 | D        | Reached XP level 10. HP: 75/82 MP: 22/22
   274 | D        | Entered arena 6.
   274 | D        | Found a transporter.
   277 | D        | Reached **** piety under Wu Jian
   289 | D        | Got the ring of Moejekk {rElec rPois rCorr Str-5 SInv}
   298 | D        | Entered arena 7.
   298 | D        | Noticed a deep elf zephyrmancer
   298 | D        | Noticed a deep elf zephyrmancer
   298 | D        | Noticed a +4 dire flail of holy wrath
   299 | D        | Found a transporter.
   300 | D        | Paralysed by an air elemental for 1 turns
   307 | D        | Reached ***** piety under Wu Jian
   321 | D        | Killed a deep elf zephyrmancer
   343 | D        | Killed a deep elf zephyrmancer
   344 | D        | Reached skill level 10 in Dodging
   348 | D        | Killed a +4 dire flail of holy wrath
   349 | D        | Reached skill level 10 in Invocations
   356 | D        | Got Herph's Handbook of the Union
   360 | D        | Got the ring "Iphobid" {Will+ rCorr Str-5 Dex+7 Slay-3}
   467 | D        | Entered arena 8.
   467 | D        | Noticed a draconian
   467 | D        | Noticed a yellow draconian
   467 | D        | Noticed a red draconian
   467 | D        | Noticed a black draconian
   467 | D        | Noticed a yellow draconian
   467 | D        | Noticed a yellow draconian
   468 | D        | Found a transporter.
   477 | D        | Killed a red draconian
   477 | D        | Killed a yellow draconian
   478 | D        | Reached skill level 10 in Fighting
   478 | D        | Reached XP level 11. HP: 43/90 MP: 24/24
   479 | D        | Killed a yellow draconian
   480 | D        | Killed a black draconian
   480 | D        | Reached ****** piety under Wu Jian
   481 | D        | Reached skill level 10 in Short Blades
   481 | D        | Reached skill level 10 in Long Blades
   481 | D        | Reached skill level 10 in Axes
   481 | D        | Reached skill level 10 in Maces & Flails
   481 | D        | Reached skill level 10 in Polearms
   481 | D        | Reached skill level 10 in Staves
   481 | D        | Reached skill level 10 in Ranged Weapons
   481 | D        | Reached skill level 10 in Throwing
   481 | D        | Reached skill level 10 in Armour
   481 | D        | Reached skill level 10 in Stealth
   481 | D        | Reached skill level 10 in Shields
   481 | D        | Reached skill level 10 in Spellcasting
   481 | D        | Reached skill level 10 in Evocations
   482 | D        | Killed a yellow draconian
   482 | D        | Killed a draconian
   488 | D        | Got the Incunable of Conflagration
   648 | D        | Entered arena 9.
   649 | D        | Found a transporter.
   663 | D        | Entered arena 10.
   664 | D        | Found a transporter.
   683 | D        | Got the Compilation of Quantum Death
   685 | D        | Got the Teachings on Luminous Jinxing
   701 | D        | Entered arena 11.
   701 | D        | Noticed Sigmund
   701 | D        | Noticed Jessica
   701 | D        | Noticed Blork the orc
   701 | D        | Noticed Crazy Yiuf
   701 | D        | Noticed Dowan
   701 | D        | Noticed Duvessa
   701 | D        | Noticed Edmund
   701 | D        | Noticed Erica
   701 | D        | Noticed Erolcha
   702 | D        | Found a transporter.
   706 | D        | Killed Duvessa
   706 | D        | Killed Crazy Yiuf
   706 | D        | Killed Dowan
   707 | D        | Killed Edmund
   708 | D        | Killed Erica
   708 | D        | Killed Sigmund
   708 | D        | Killed Blork the orc
   709 | D        | Killed Jessica
   709 | D        | Killed Erolcha
   714 | D        | Got the amulet of the Echidna {RegenMP rC+}
   718 | D        | Got the Quarto of Phlogiston and the Wyrd
   735 | D        | Learned a level 4 spell: Manifold Assault
   737 | D        | Entered arena 12.
   737 | D        | Noticed a four-headed hydra
   740 | D        | Found a transporter.
   741 | D        | Reached XP level 12. HP: 100/100 MP: 27/27
   741 | D        | Killed a seven-headed hydra
   749 | D        | Got Sif Muna's Grimoire of Toxicity and Unholy Spells
   755 | D        | Entered arena 13.
   755 | D        | Noticed a spriggan berserker
   755 | D        | Noticed a spriggan berserker
   756 | D        | Noticed a spriggan air mage
   756 | D        | Noticed a four-headed hydra
   757 | D        | Found a transporter.
   761 | D        | Killed a spriggan berserker
   762 | D        | Killed a spriggan air mage
   762 | D        | Noticed a ghost moth
   766 | D        | Reached skill level 10 in Conjurations
   766 | D        | Reached skill level 10 in Hexes
   766 | D        | Reached skill level 10 in Summonings
   766 | D        | Reached skill level 10 in Necromancy
   766 | D        | Reached skill level 10 in Translocations
   766 | D        | Reached skill level 10 in Transmutations
   766 | D        | Reached skill level 10 in Fire Magic
   766 | D        | Reached skill level 10 in Ice Magic
   766 | D        | Reached skill level 10 in Air Magic
   766 | D        | Reached skill level 10 in Earth Magic
   766 | D        | Reached skill level 10 in Poison Magic
   767 | D        | Killed an 11-headed hydra
   769 | D        | Killed a spriggan berserker
   775 | D        | Killed a ghost moth
   997 | D        | Got the Precepts of the Blinking Geologist
  1000 | D        | Got Sif Muna's Monograph on the Unstable Fjord
  1023 | D        | Entered arena 14.
  1023 | D        | Noticed an ancient lich
  1025 | D        | Noticed a vampire mage
  1025 | D        | Noticed a vampire mage
  1026 | D        | Noticed a vampire mage
  1026 | D        | Noticed a vampire mage
  1027 | D        | Noticed a vampire mage
  1038 | D        | Killed from afar by an ancient lich

Illustrated notes

Levels and vault maps discovered:
D:        sprint_v [room_start, room_1, room_2, room_3, room_4, room_5, room_6,
          room_7, room_8, room_9, room_10, room_11, room_12, room_13, room_14,
          room_15, room_16, room_17, room_18, room_19, room_20, room_21,
          room_22, room_23, room_24, room_25, room_26, room_27]

Skill      XL: |  1  2  3  4  5  6  7  8  9 10 11 12 |
---------------+-------------------------------------+-----
Fighting       | 5 6 7 8 10 11 12 | 12.6
Short Blades   | 4 5 6 7 8 9 11 12 | 12.3
Long Blades    | 4 5 6 7 8 9 11 12 | 12.3
Axes           | 4 5 6 7 8 9 11 12 | 12.3
Maces & Flails | 4 5 6 7 8 9 11 12 | 12.3
Polearms       | 4 5 6 7 8 9 11 12 | 12.3
Staves         | 4 5 6 7 8 9 11 12 | 12.3
Ranged Weapons | 4 5 6 7 8 9 11 12 | 12.3
Throwing       | 4 5 6 7 8 9 11 12 | 12.3
Armour         | 4 5 6 7 8 9 11 12 | 12.3
Dodging        | 6 7 8 9 10 12 13 | 13.1
Stealth        | 4 5 6 7 8 9 11 12 | 12.3
Shields        | 4 5 6 7 8 9 11 12 | 12.3
Unarmed Combat | 8 9 10 11 12 13 | 13.8
Spellcasting   | 4 5 6 7 8 9 11 12 | 12.3
Conjurations   | 3 4 5 6 8 9 10 | 10.4
Hexes          | 3 4 5 6 8 9 10 | 10.4
Summonings     | 3 4 5 6 8 9 10 | 10.4
Necromancy     | 3 4 5 6 8 9 10 | 10.4
Translocations | 3 4 5 6 8 9 10 | 10.4
Transmutations | 3 4 5 6 8 9 10 | 10.4
Fire Magic     | 3 4 5 6 8 9 10 | 10.4
Ice Magic      | 3 4 5 6 8 9 10 | 10.4
Air Magic      | 3 4 5 6 8 9 10 | 10.4
Earth Magic    | 3 4 5 6 8 9 10 | 10.4
Poison Magic   | 3 4 5 6 8 9 10 | 10.4
Invocations    | 4 5 6 7 9 10 12 13 | 13.3
Evocations     | 4 5 6 7 8 9 11 12 | 12.3
Shapeshifting  | 7 8 9 10 11 12 13 | 13.0

Action                     |  1- 3 |  4- 6 |  7- 9 | 10-12 || total
---------------------------+-------+-------+-------+-------++-------
  Melee: Lance             |     3 |     1 |    51 |    61 ||   116
         Bite              |       |       |     4 |    20 ||    24
         Broad axe         |       |       |       |    59 ||    59
 Invoke: Serpent's Lash    |       |       |       |     1 ||     1
         Heavenly Storm    |       |       |       |     1 ||     1
Ability: Lunge             |     1 |       |     1 |    14 ||    16
         Whirlwind         |       |       |     5 |    23 ||    28
  Evoke: Wand              |       |     2 |       |     1 ||     3
         Lightning rod     |       |       |     1 |       ||     1
    Use: Potion            |     1 |       |     1 |    20 ||    22
 Armour: Plate armour      |     6 |       |    18 |   165 ||   189
  Dodge: Dodged            |       |       |     3 |    29 ||    32
  Block: Kite shield       |     6 |     2 |    58 |   223 ||   289

Table legend: (Time is in decaauts)
 A = Elapsed time spent in this place.
 B = Non-inter-level travel time spent in this place.
 C = Inter-level travel time spent in this place.
 D = Time resting spent in this place.
 E = Time spent auto-exploring this place.
 F = Levels seen in this place.
 G = Mean time per level.
                   A        B        C        D        E       F      G
               +--------+--------+--------+--------+--------+-----+--------+
         Total |   1025 |   1025 |      0 |      0 |    548 |   1 | 1025.0 |
       Dungeon |   1025 |   1025 |      0 |      0 |    548 |   1 | 1025.0 |
               +--------+--------+--------+--------+--------+-----+--------+

Top non-repeatable levels by time:
       D: 1025 daAuts
